 Dungeon Crawl Stone Soup version 0.31-a0-331-geda263fcf1 (webtiles) character file.

Game seed: 8092450990398494707

53 LeprechaunX the Changeling (level 3, -1/25 HPs)
             Began as an Octopode Shapeshifter on July 19, 2023.
             Succumbed to a gnoll sergeant's poison
             ... on level 3 of the Dungeon.
             The game lasted 00:01:10 (1705 turns).

LeprechaunX the Changeling (Octopode Shapeshifter)  Turns: 1705, Time: 00:01:10

Health: -1/25      AC:  1    Str: 16    XL:     3   Next: 89%
Magic:  3/3        EV: 13    Int: 10    God:
Gold:   169        SH:  0    Dex: 12    Spells: 2/2 levels left

rFire   . .          .
                       - Unarmed
rCold   . . .        (no shield)
rNeg    . . .        (helmet currently unavailable)
rPois   .            (no amulet)
rElec   .            (no ring)
rCorr   .            (no ring)
SInv    .            (no ring)
Will    .....        (no ring)
Stlth   ++           (no ring)
HPRegen 0.24/turn    (no ring)
MPRegen 0.08/turn    (no ring)
                     (no ring)

%: no passive effects
@: lethally poisoned (-1 -> -10), beast-form
A: beast (slay +2), almost no armour, amphibious, 8 rings, camouflage 1,
gelatinous body 1, (nimble swimmer 1), tentacles
a: Begin Untransformation


You were on level 3 of the Dungeon.
You were a hulking beast.
You visited 1 branch of the dungeon, and saw 3 of its levels.

You collected 169 gold pieces.

Inventory:

Talismans
 b - a beast talisman
Scrolls
 c - a scroll of fog {unknown}
 d - a scroll of immolation {unknown}
 e - 2 scrolls of teleportation {unknown}
 f - a scroll of identify {unknown}
 h - a scroll of amnesia {unknown}
 i - a scroll of enchant weapon {unknown}
 l - a scroll of torment {unknown}
Potions
 a - a potion of lignification
 g - a potion of mutation {unknown}
 j - 2 potions of heal wounds {unknown}
 k - a potion of degeneration {unknown}
 m - a potion of brilliance {unknown}


   Skills:
 + Level 2.4 Fighting
 + Level 2.3 Dodging
 * Level 2.8 Unarmed Combat
 * Level 3.4 Shapeshifting


You had 2 spell levels left.
You didn't know any spells.
Your spell library contained the following spells:

 Spells                   Type           Power      Damage    Failure   Level
 Summon Small Mammal      Summ           0%         N/A       36%         1
 Call Canine Familiar     Summ           0%         N/A       75%         3
 Summon Guardian Golem    Hex/Summ       0%         N/A       75%         3


Dungeon Overview and Level Annotations

Branches:
Dungeon (3/15)

Altars:


Innate Abilities, Weirdness & Mutations

You are a hulking beast.
Your limbs bulge with bestial killing power. (Slay +2)
You cannot wear most types of armour.
You are amphibious.
You can wear up to eight rings at the same time.
Your skin changes colour to match your surroundings (Stealth+).
Your rubbery body absorbs attacks. (AC +1, EV +1)
((You are camouflaged when in or above water. (Stealth+)))
You have tentacles for arms and can constrict up to eight enemies at once.


Message History

You see here a hobgoblin corpse.
You see here a hobgoblin corpse.
Done exploring.
Done exploring.
Done exploring.
Done exploring.
Done exploring.
Search for what [Enter for "."]? .
Unknown command.
(D) Dungeon
Where to? (Enter - D:2, ? - help)
There is a stone staircase leading down here.
You climb downwards.
There is a stone staircase leading up here.
Found a stone staircase leading down.
You see here a +4 hand axe.
Found a stone staircase leading up.
A gnoll comes into view. It is wielding a +0 spear.
A gnoll sergeant comes into view. It is wielding a +2 spear of venom.
The gnoll shouts!
You hear a shout! x2
A gnoll comes into view. It is wielding a +0 flail.
The gnoll moves out of view.
You see here a scroll labelled LAEMPU OS UC TOZ.
A gnoll comes into view. It is wielding a +0 club.
Found 4 stones.
A rat comes into view.
The gnoll hits you but does no damage.
The gnoll sergeant hits you from afar with a +2 spear of venom!
Ouch! That really hurt!
You are lethally poisoned!
A frilled lizard comes into view.
The gnoll shouts!
* * * LOW HITPOINT WARNING * * *
You feel very sick.
You see here a scroll labelled LAEMPU OS UC TOZ.
* * * LOW HITPOINT WARNING * * *
You feel very sick.
* * * LOW HITPOINT WARNING * * *
You feel very sick.
Found a ring mail.
You die...

#........<....# .
.....########.#
.##.....# #.#
...r...## #.#
#......#####.#
#............####
..##.<..g.###......#
(.....g.g......)...#
.###..###..h.......#
#g ####..#.#### ..
#....... ..
#.>.....# ..
#.......# .
#.......# #.......#
[.....#


You could see a gnoll sergeant, 2 gnolls and a rat.

Vanquished Creatures
  2 adders (D:2)
  3 bats
  4 endoplasms
  4 goblins
  6 hobgoblins
  3 quokkas
  3 ball pythons
  A frilled lizard (D:1)
  3 kobolds
  4 rats
33 creatures vanquished.

Notes
Turn   | Place    | Note
-------+----------+-------------------------------------------
     0 | D:1      | LeprechaunX the Octopode Shapeshifter began the quest for
                  | the Orb.
     0 | D:1      | Reached XP level 1. HP: 14/14 MP: 1/1
   118 | D:1      | Reached XP level 2. HP: 18/19 MP: 2/2
  1014 | D:2      | Reached XP level 3. HP: 19/24 MP: 3/3
  1698 | D:3      | Noticed a gnoll sergeant
  1704 | D:3      | HP: 1/25 [poisoned by a gnoll sergeant]
  1705 | D:3      | Succumbed to a gnoll sergeant's poison

Illustrated notes

Levels and vault maps discovered:
D:1:      dpeg_arrival_stonehenge_12_columns, layout_basic, minmay_tromino_v2
D:2:      layout_loops_corners
D:3:      layout_rooms, glass_columns_c

Action                     || total
---------------------------++-------
  Melee: Unarmed           ||    57
         Tentacles         ||     9
         Constrict         ||    12
         Punch             ||     2
   Stab: Sleeping          ||     7
 Armour: Skin              ||    10
  Dodge: Dodged            ||    34

Table legend: (Time is in decaauts)
 A = Elapsed time spent in this place.
 B = Non-inter-level travel time spent in this place.
 C = Inter-level travel time spent in this place.
 D = Time resting spent in this place.
 E = Time spent auto-exploring this place.
 F = Levels seen in this place.
 G = Mean time per level.
                   A        B        C        D        E       F      G
               +--------+--------+--------+--------+--------+-----+--------+
         Total |   1702 |   1636 |     66 |      0 |   1407 |   3 |  567.3 |
       Dungeon |   1702 |   1636 |     66 |      0 |   1407 |   3 |  567.3 |
               +--------+--------+--------+--------+--------+-----+--------+

Top non-repeatable levels by time:
     D:1: 840 daAuts
     D:2: 839 daAuts
     D:3: 22 daAuts
